 Dungeon Crawl Stone Soup version 0.29-a0-451-gfbfa42419e (webtiles) character file.

Game seed: 10810885142723289686

77 zeratav the Magician (level 4, -1/33 HPs)
             Began as a Djinni Conjurer on May 19, 2022.
             Killed by divine providence
             ... invoked by an orc priest
              (10 damage)
             ... on level 3 of the Dungeon.
             The game lasted 00:03:46 (3217 turns).

zeratav the Magician (Djinni Conjurer)              Turns: 3217, Time: 00:03:47

Health: -1/33      AC:  5    Str: 12    XL:     4   Next: 58%
Gold:   151        EV: 11    Int: 22    God:
                   SH:  0    Dex: 11

rFire   + + .      SeeInvis .   g - +2 dagger (elec) {short}
rCold   x . .      Faith    .   (no shield)
rNeg    . . .      Spirit   .   d - +0 leather armour
rPois   ∞          Reflect  .   (no helmet)
rElec   .          Harm     .   w - +0 cloak
rCorr   .          Rampage  .   q - +0 pair of gloves
Will    .....                   (boots unavailable)
Stlth   +.........              e - amulet of the acrobat
HPRegen 0.11/turn               c - +6 ring of strength
MPRegen 0.00/turn               (no ring)

@: flying
A: sickness immunity, fire resistance 2, cold vulnerability 1, float, innate
caster, HP casting, extra vitality 1
a: no special abilities


You were on level 3 of the Dungeon.
You visited 1 branch of the dungeon, and saw 3 of its levels.

You collected 151 gold pieces.


Innate Abilities, Weirdness & Mutations

You are immune to sickness and miasma.
You are immune to poison.
Your flesh is very heat resistant. (rF++)
You are vulnerable to cold. (rC-)
You float through the air rather than walking.
You learn spells naturally, not from books.
Your magical power is your life essence.
You have superior vitality. (+4 MHP)


   Skills:
 + Level 2.0 Fighting
 - Level 2.1 Dodging
 - Level 1.5 Stealth
 * Level 4.1 Spellcasting


You couldn't memorise any spells.
You knew the following spells:

 Your Spells              Type           Power      Damage    Failure   Level
a - Magic Dart            Conj           88%        1d7       2%          1
b - Searing Ray           Conj           44%        2d6       3%          2
c - Dazzling Flash        Conj/Hex       44%        N/A       8%          3
d - Fulminant Prism       Conj/Hex       11%        3d9       26%         4
e - Iskenderun's Mystic   Conj/Tloc      22%        2d6       26%         4
f - Shock                 Conj/Air       88%        1d8       2%          1
Your spell library was empty.

Inventory:

Hand Weapons
 g - a +2 dagger of electrocution (weapon) {short}
   (You found it on level 1 of the Dungeon)
Armour
 d - a +0 leather armour (worn)
   (You found it on level 1 of the Dungeon)
 j - a +0 kite shield
   (You found it on level 1 of the Dungeon)
 q - a +0 pair of gloves (worn)
   (You found it on level 2 of the Dungeon)
 w - a +0 cloak (worn)
   (You found it on level 3 of the Dungeon)
 y - the +0 leather armour of the Bespelling Gods {rF- Will+ Dex+4}
   (You found it on level 3 of the Dungeon)

   Dex:       It affects your dexterity (+4).
   rF:        It makes you vulnerable to fire.
   Will:      It increases your willpower.
Jewellery
 c - a +6 ring of strength (left hand)
   (You found it on level 1 of the Dungeon)
 e - an amulet of the acrobat (around neck)
   (You found it on level 1 of the Dungeon)
Wands
 v - a wand of flame (14)
   (You found it on level 2 of the Dungeon)
Scrolls
 a - 2 scrolls of blinking {unknown}
 b - a scroll of vulnerability {unknown}
 h - a scroll of immolation {unknown}
 l - 4 scrolls of identify {unknown}
 m - a scroll of fog {unknown}
 r - a scroll of poison {unknown}
Potions
 f - a potion of heal wounds {unknown}
 i - a potion of degeneration {unknown}
 k - 2 potions of haste {unknown}
 n - a potion of mutation {unknown}
 t - a potion of lignification {unknown}
 u - a potion of cancellation {unknown}
 x - a potion of attraction {unknown}
 z - a potion of might {unknown}

Dungeon Overview and Level Annotations

Branches:
Dungeon (3/15)

Altars:

Annotations:
D:2 1 runed translucent door, Crazy Yiuf

#......# #... #......# ###.
#.##'### #... ###.#..#
##############
....#.##############.............
<........).......................
....#..#.#####.#.........####....
#+#.#........#.#.###[..#.####.##.
.>..............@.[..............
#.#.####)#####.#####...#.####....
..#....................#.# #....
.####.###...o..######....#####.##
.'..).# #......+........)....#.#.
.####.# #.o....###.......###.#.#.
#####.# ##.##### #...(.......#.#<
...##.# #.# #)..........#...
...##'## #.# #..........#....


You could see an orc priest and an orc.


Message History

There is an open door here.
l - 4 scrolls labelled VYMPEPOONK (gained 1)
You now have 151 gold pieces (gained 13).
Things that are here:
a +0 spear {polearm}; 18 stones {throwing} HP[+7]
Your hp is fully restored (33).
A goblin and an ufetubus come into view.
There is an open door here.
The magic dart hits the ufetubus.
The ufetubus shouts!
The goblin shouts!
HP[-1]
You take 1 damage, and now have 32/33 hp.
The magic dart hits the ufetubus.
You kill the ufetubus!
HP[-1]
You take 1 damage, and now have 31/33 hp.
The magic dart hits the goblin.
A bat comes into view.
HP[-1]
You take 1 damage, and now have 30/33 hp.
The magic dart hits the goblin.
HP[-1]
You take 1 damage, and now have 29/33 hp.
The magic dart hits the bat.
The bat barely misses you.
HP[-1]
You take 1 damage, and now have 28/33 hp.
The magic dart hits the bat.
You kill the bat!
Your Fighting skill increases to level 2!
HP[-1]
You take 1 damage, and now have 27/33 hp.
The magic dart hits the goblin.
You kill the goblin!
You can't see any susceptible monsters within range! (Use Z to cast anyway.)
You can't see any susceptible monsters within range! (Use Z to cast anyway.)
You need no library to learn spells.
Things that are here:
a +0 dagger {short}; a goblin corpse; HP[+6]
Your hp is fully restored (33).
You reach down and open the large door.
There is a large open door here.
There is a large open door here.
An orc priest comes into view.
It is wielding a +2 flail of holy wrath.
The orc priest shouts!
You hear a shout!
An orc priest comes into view. It is wielding a +0 flail.
An orc comes into view. It is wielding a +0 short sword.
The orc priest moves out of view.
The magic dart hits the orc priest but does no damage.
The orc shouts!
An orc comes into view. It is wielding a +0 hand axe.
HP[-1]
You take 1 damage, and now have 32/33 hp.
The magic dart hits the orc priest.
HP[-1]
You take 1 damage, and now have 31/33 hp.
The magic dart hits the orc priest but does no damage.
HP[-1]
You take 1 damage, and now have 30/33 hp.
The magic dart hits the orc priest but does no damage.
The orc priest calls down the wrath of Beogh upon you.
Beogh smites you!
HP[-9]
You take 9 damage, and now have 21/33 hp.
MASSIVE DAMAGE!! (PAUSE)
You are too injured to fight recklessly!
You are too injured to fight recklessly!
The orc priest begins to cast a cantrip, but forgets the words!
There is a large open door here.
HP[+1]
There is a large open door here.
You reach down and close the large door.
An orc priest breaks down the large door.
HP[+1]
There is an open door here.
The orc priest mumbles some strange prayers to Beogh against you.
Beogh smites you!
* * * LOW HITPOINT WARNING * * *
HP[-15]
You take 15 damage, and now have 8/33 hp.
MASSIVE DAMAGE!! (PAUSE)
You reach down and close the door.
HP[+1]
There is a stone staircase leading up here.
Casting: Magic Dart (safe; 2% risk of failure)
Confirm with . or Enter, or press ? or * to list all spells.
Aiming: Magic Dart (safe; 2% risk of failure)
Press: ? - help, Shift-Dir - straight line, f - orc
Aim: an orc, wielding a +0 hand axe (100% to hit)
The magic dart hits the orc.
* * * LOW HITPOINT WARNING * * *
HP[-1]
You take 1 damage, and now have 8/33 hp.
HP[+1]
Casting: Magic Dart (safe; 2% risk of failure)
Confirm with . or Enter, or press ? or * to list all spells.
Okay, then.
The orc priest invokes the aid of Beogh against you.
Beogh smites you!
You die...

Skill      XL: |  1  2  3  4 |
---------------+-------------+-----
Fighting       | 1 2 |  2.0
Spellcasting   | 4 |  4.1
Dodging        | |  2.1
Stealth        | |  1.5

Action                   |  1- 3 |  4- 6 || total
-------------------------+-------+-------++-------
Melee: Dagger            |    14 |       ||    14
 Cast: Magic Dart        |    55 |    32 ||    87
Armor: Robe              |     3 |       ||     3
Dodge: Dodged            |    19 |     3 ||    22

Levels and vault maps discovered:
D:1:      psy_arrival_whirlpool, layout_basic
D:2:      layout_loops_corners, uniq_crazy_yiuf_cottage
D:3:      layout_basic, nicolae_ecumenical_lake_church

Notes
Turn   | Place    | Note
-------+----------+-------------------------------------------
     0 | D:1      | zeratav the Djinni Conjurer began the quest for the Orb.
     0 | D:1      | Reached XP level 1. HP: 15/15 MP: 0/0
     0 | D:1      | magus.rc [v1.9.6]
   204 | D:1      | Reached XP level 2. HP: 15/22 MP: 0/0
   954 | D:1      | Reached skill level 1 in Fighting
  1197 | D:2      | Reached XP level 3. HP: 13/27 MP: 0/0
  1197 | D:2      | Learned a level 1 spell: Shock
  1761 | D:2      | Found a runed translucent door.
  1762 | D:2      | Noticed Crazy Yiuf
  2571 | D:3      | Reached skill level 4 in Spellcasting
  2571 | D:3      | Reached XP level 4. HP: 28/33 MP: 0/0
  2740 | D:3      | Identified the +0 leather armour of the Bespelling Gods
                  | {rF- Will+ Dex+4}
  3107 | D:3      | Reached skill level 2 in Fighting
  3203 | D:3      | HP: 8/33 [orc priest/divine providence (15)]
  3217 | D:3      | Killed from afar by an orc priest

Vanquished Creatures
  3 adders
  An ufetubus (D:3)
  A dart slug (D:3)
  4 ball pythons
  A bat (D:3)
  5 endoplasms
  A giant cockroach (D:1)
  3 goblins
  7 hobgoblins
  6 kobolds
  A quokka (D:1)
  2 frilled lizards
  3 rats
38 creatures vanquished.

Table legend:
 A = Non-vault XP
 B = Vault XP
 C = Vault XP percentage of total XP
 D = Non-vault monster count
 E = Vault monster count
 F = Vault count percentage of total count
                 A         B        C        D         E       F
            +---------+---------+-------+---------+---------+-------
      Total |     110 |       0 |   0.0 |      38 |       0 |   0.0
            +---------+---------+-------+---------+---------+-------
        D:1 |      24 |       0 |   0.0 |      12 |       0 |   0.0
        D:2 |      36 |       0 |   0.0 |       9 |       0 |   0.0
        D:3 |      50 |       0 |   0.0 |      17 |       0 |   0.0
            +---------+---------+-------+---------+---------+-------

Illustrated notes

Table legend:
 A = Kills in this place as a percentage of kills in entire the game.
 B = Kills by you in this place as a percentage of kills by you in the entire game.
 C = Kills by friends in this place as a percentage of kills by friends in the entire game.
 D = Other kills in this place as a percentage of other kills in the entire game.
 E = Experience gained in this place as a percentage of experience gained in the entire game.
 F = Experience gained in this place divided by the number of levels of this place that you have seen.
                   A       B       C       D       E      F
               +-------+-------+-------+-------+-------+----------------------
         Total | 100.0 | 100.0 |   N/A |   N/A | 100.0 |  36.7
       Dungeon | 100.0 | 100.0 |   N/A |   N/A | 100.0 |  36.7
               +-------+-------+-------+-------+-------+----------------------

Table legend: (Time is in decaauts)
 A = Elapsed time spent in this place.
 B = Non-inter-level travel time spent in this place.
 C = Inter-level travel time spent in this place.
 D = Time resting spent in this place.
 E = Time spent auto-exploring this place.
 F = Levels seen in this place.
 G = Mean time per level.
                   A        B        C        D        E       F      G
               +--------+--------+--------+--------+--------+-----+--------+
         Total |   3215 |   3108 |    107 |      0 |   2851 |   3 | 1071.7 |
       Dungeon |   3215 |   3108 |    107 |      0 |   2851 |   3 | 1071.7 |
               +--------+--------+--------+--------+--------+-----+--------+

Top non-repeatable levels by time:
     D:2: 1354 daAuts
     D:1: 1116 daAuts
     D:3: 744 daAuts
